 Dungeon Crawl Stone Soup version 0.23-a0-78-gc252fe1 (webtiles) character file.

135340 tilp the Impaler (level 17, 0/133 HPs)
             Began as a Merfolk Ice Elementalist on Aug 9, 2018.
             Was the Champion of Makhleb.
             Shot with an arrow by a naga sharpshooter (15 damage)
             ... led by Vashnia
             ... on level 4 of the Snake Pit on Aug 10, 2018.
             The game lasted 02:45:57 (39745 turns).

tilp the Impaler (Merfolk Ice Elementalist)        Turns: 39745, Time: 02:45:57

Health: 0/133      AC: 17    Str:  9    XL:     17   Next: 19%
Magic:  27/29      EV: 27    Int: 21    God:    Makhleb [******]
Gold:   272        SH:  4    Dex: 16    Spells: 3/32 levels left

rFire    + + .     SeeInvis .   a - +3 glaive
rCold    . . .     Gourm    .   (shield currently unavailable)
rNeg     . . .     Faith    .   u - +3 leather armour {rF+}
rPois    +         Spirit   .   Z - +2 helmet
rElec    .         Reflect  +   w - +2 cloak {rPois}
rCorr    .         Harm     .   U - +2 pair of gloves {archery}
MR       ++...                  v - +1 pair of boots
Stlth    ++........             x - +4 amulet of reflection
HPRegen  0.32/turn              I - +5 ring of evasion
MPRegen  0.21/turn              Y - ring of Tothaess {rF+ MR+ Dex+2}

@: no status effects
A: change form in water, swift swim, stealthy swim
a: Minor Destruction, Lesser Servant of Makhleb, Major Destruction, Greater
Servant of Makhleb, Renounce Religion


You were on level 4 of the Snake Pit.
You worshipped Makhleb.
Makhleb was exalted by your worship.
You were very hungry.

You visited 5 branches of the dungeon, and saw 28 of its levels.
You also visited: Labyrinth, Sewer and Bailey.

You collected 3223 gold pieces.
You spent 2951 gold pieces at shops.

Inventory:

Hand Weapons
 a - a +3 glaive (weapon)
 b - the +3 spear "tilp's Death" {venom, rElec rPois Int-5}
   (You found it on level 5 of the Dungeon)

   It poisons the flesh of those it strikes.
   It affects your intelligence (-5).
   It insulates you from electricity.
   It protects you from poison.
Missiles
 g - 44 tomahawks of returning (quivered)
 s - 15 javelins of penetration
Armour
 u - a +3 leather armour of fire resistance (worn)
 v - a +1 pair of boots (worn)
 w - a +2 cloak of poison resistance (worn)
 M - a cursed +0 ring mail
 U - a +2 pair of gloves of archery (worn)
 V - +0 pearl dragon scales
 Z - a +2 helmet (worn)
Jewellery
 f - an uncursed ring of protection from magic {unknown}
 k - an uncursed ring of protection from magic {unknown}
 x - a +4 amulet of reflection (around neck)
 A - an uncursed ring of protection from fire {unknown}
 D - an uncursed amulet of guardian spirit {unknown}
 I - a +5 ring of evasion (left hand)
 Q - an uncursed ring of resist corrosion
 R - an uncursed ring of see invisible
 X - a cursed -4 ring of evasion
 Y - the ring of Tothaess (right hand) {rF+ MR+ Dex+2}
   (You bought it in a shop on level 2 of the Orcish Mines)

   [ring of protection from fire]

   It affects your dexterity (+2).
   It protects you from fire.
   It affects your resistance to hostile enchantments.
Wands
 e - a wand of clouds (2)
 m - a wand of acid (17)
 y - a wand of digging (14)
 F - a wand of iceblast (42)
 H - a wand of disintegration (10)
 S - a wand of polymorph (28)
 T - a wand of paralysis (15)
 W - a wand of scattershot (7)
Scrolls
 d - a scroll of magic mapping
 i - 2 scrolls of fear
 j - 4 scrolls of amnesia
 l - 8 scrolls of remove curse
 o - 7 scrolls of teleportation
 r - a scroll of blinking
 E - 5 scrolls of identify
 J - 5 scrolls of enchant weapon
 K - 2 scrolls of fog
 N - 2 scrolls of silence
 P - 2 scrolls of vulnerability
Potions
 h - a potion of magic
 n - 4 potions of brilliance
 p - a potion of berserk rage
 q - a potion of resistance
 z - 5 potions of mutation
 B - 6 potions of curing
 C - 7 potions of flight
 G - 2 potions of invisibility
 L - 2 potions of might
 O - a potion of haste
Miscellaneous
 t - a lamp of fire
Comestibles
 c - 53 rations


   Skills:
 + Level 12.0 Fighting
 - Level 20.0 Polearms
 - Level 4.0 Throwing
 + Level 15.0 Dodging
 - Level 2.1 Stealth
 + Level 8.0 Spellcasting
 + Level 6.0 Conjurations
 + Level 0.0 Hexes
 + Level 6.0 Charms
 - Level 2.0 Necromancy
 + Level 0.0 Translocations
 * Level 16.0 Ice Magic
 - Level 4.4 Invocations
 - Level 6.3 Evocations


You had 3 spell levels left.
You knew the following spells:

 Your Spells              Type           Power        Failure   Level  Hunger
a - Freeze                Ice            ####         0%          1    None
b - Throw Frost           Conj/Ice       ######       1%          2    None
c - Ozocubu's Armour      Chrm/Ice       ######..     1%          3    None
d - Throw Icicle          Conj/Ice       ######..     1%          4    ###....
e - Regeneration          Chrm/Necr      ####......   6%          3    None
f - Spectral Weapon       Hex/Chrm       ###.....     10%         3    None
g - Slow                  Hex            #.......     17%         2    None
h - Conjure Flame         Conj/Fire      ###.....     10%         3    None
i - Blink                 Tloc           N/A          17%         2    None
j - Bolt of Cold          Conj/Ice       ######....   19%         6    ######.

Your spell library contained the following spells:

 Spells                   Type           Power        Failure   Level  Hunger
 Magic Dart               Conj           ####         1%          1    None
 Lightning Bolt           Conj/Air       ###.......   65%         5    #####..
 Bolt of Magma            Conj/Fire/Erth ###.......   80%         5    #####..
 Mephitic Cloud           Conj/Pois/Air  ###.....     14%         3    None
 Iskenderun's Mystic Bla  Conj           ####....     10%         4    ###....
 Animate Dead             Necr           N/A          43%         4    ###....
 Pain                     Necr           ###.         4%          1    None
 Animate Skeleton         Necr           N/A          4%          1    None
 Vampiric Draining        Necr           ###.......   14%         3    None
 Summon Ice Beast         Ice/Summ       #####...     4%          4    ###....
 Call Imp                 Summ           #.......     17%         2    None
 Iron Shot                Conj/Erth      ###.......   99%         6    ######.
 Stone Arrow              Conj/Erth      ###...       10%         3    None
 Shock                    Conj/Air       ###.         3%          1    None
 Swiftness                Chrm/Air       ###.....     4%          2    None
 Recall                   Summ/Tloc      N/A          32%         3    None
 Spider Form              Tmut/Pois      #.........   32%         3    None
 Blade Hands              Tmut           #.........   97%         5    #####..
 Ice Form                 Ice/Tmut       #####...     4%          4    ###....
 Death Channel            Necr           ###.......   100%        6    ######.
 Deflect Missiles         Chrm/Air       ###.......   99%         6    ######.
 Airstrike                Air            #.........   73%         4    ###....
 Sticks to Snakes         Tmut           #.......     17%         2    None
 Silence                  Hex/Air        #.........   97%         5    #####..
 Shatter                  Erth           #.........   100%        9    #######
 Static Discharge         Conj/Air       ###.....     10%         3    None
 Sandblast                Erth           #.....       11%         1    None
 Simulacrum               Ice/Necr       #####.....   38%         6    ######.
 Conjure Ball Lightning   Conj/Air       ###.......   99%         6    ######.
 Excruciating Wounds      Chrm/Necr      ####......   52%         5    #####..
 Tornado                  Air            #.........   100%        9    #######
 Shroud of Golubria       Chrm/Tloc      ###.......   4%          2    None
 Beastly Appendage        Tmut           #.....       11%         1    None
 Iskenderun's Battlesphe  Conj/Chrm      ####....     26%         5    #####..
 Fulminant Prism          Conj/Hex       ###.......   32%         4    ###....
 Dazzling Spray           Conj/Hex       ###...       10%         3    None
 Force Lance              Conj/Tloc      ###.....     32%         4    ###....
 Infusion                 Chrm           ####         1%          1    None
 Song of Slaying          Chrm           ####....     1%          2    None
 Searing Ray              Conj           ####..       1%          2    None
 Summon Lightning Spire   Summ/Air       #.......     73%         4    ###....
 Ignition                 Fire           #.........   100%        8    #######
 Borgnjor's Vile Clutch   Necr/Erth      ##........   90%         5    #####..


Dungeon Overview and Level Annotations

Branches:
Dungeon (15/15)            Temple (1/1) D:4            Lair (6/6) D:8
 Shoals (0/4) Lair:3        Snake (4/4) Lair:3        Slime (0/5) Lair:6
    Orc (2/2) D:12            Elf (0/3) Orc:2        Vaults (0/5) D:13
 Depths (0/5) D:15

Altars:
Ashenzari
Cheibriados
Dithmenos
Elyvilon
Fedhas
Gozag
Hepliaklqana
Kikubaaqudgha
Makhleb
Nemelex Xobeh
Okawaru
Qazlal
Ru
Sif Muna
Trog
Uskayaw
Vehumet
Wu Jian
Xom
Yredelemnul
Zin
The Shining One
Beogh

Shops:
D:5 (   D:11 :   Orc:1 [   Orc:2 (*=*[

Annotations:
D:9 Erolcha
D:10 3 runed doors, iamserjio's ghost, journeyman TeAE
D:14 3 runed doors, Kyuhon's ghost, journeyman TrMo; Touwod's ghost, journeyman HOFi
Lair:3 Gastronok; Nergalle
Lair:4 exclusion: 2 oklob plants
Snake:4 exclusion: Roxanne, Roxanne; Vashnia


Message History

You blink.
The naga sharpshooter shoots a bolt.
The bolt barely misses you.
The naga sharpshooter mumbles some strange words.
The naga sharpshooter magically shoots an arrow.
The arrow hits you!
The naga sharpshooter unwields an uncursed dire flail.
The naga sharpshooter wields an uncursed shortbow.
The naga sharpshooter gestures wildly while chanting.
The naga sharpshooter magically shoots an arrow.
You reflect the arrow off an invisible shield around you!
The naga sharpshooter casts a spell.
The naga sharpshooter magically shoots an arrow.
The arrow hits you!
The naga sharpshooter shoots a bolt.
The bolt completely misses you.
You see here 2 arrows.
The naga sharpshooter mumbles some strange words.
The naga sharpshooter magically shoots an arrow.
The arrow hits you!!
* * * LOW HITPOINT WARNING * * *
The naga sharpshooter shoots an arrow.
The arrow hits you!
You die...

#.........# ##############≈.
#.........########.............≈♣
..........'...................P≈♣
#.........########.#....######≈♣≈
#..........(..(..#.#.##.# #.#.
########.........#.#.##.######.##
#...[.....+.#.##....#...#
########.........#....#.####.###
................@S.##.#......####
.........#######†(<.(.#####.....#
.........# #..###.# #......#
.........# #.NNS(.# #......#
.........# ###N########.......
.........# #....†(...N.N......
.......(.######......######......
.....................# #####(###.
....................N# #...(.# .


You could see 3 naga sharpshooters and a guardian serpent.

Vanquished Creatures
  5 nagarajas
  An orc warlord (Orc:2)
  A minotaur (Lab)
  A fire dragon (D:13)
  An ettin (Orc:1)
  Josephine (D:13)
  The ghost of iamserjio the Blocker, a journeyman MiFi of the Shining One (D:11)
  4 naga warriors
  5 hydras
  3 ice dragons
  12 anacondas
  2 centaur warriors (D:13)
  5 two-headed ogres
  3 death yaks
  2 tengu warriors (D:15)
  3 naga sharpshooters
  An orc high priest (Orc:2)
  3 shock serpents
  Sonja (Orc:1)
  A salamander mystic (Snake:3)
  2 unseen horrors
  4 naga ritualists
  4 orc knights
  An obsidian statue (D:11)
  An oklob plant (Snake:3)
  A deep elf mage (D:15)
  13 mana vipers
  3 ugly things (D:13)
  A wolf spider zombie (D:12)
  4 orc sorcerers (Orc:2)
  3 cyclopes
  A manticore (D:12)
  9 salamanders
  27 black mambas
  2 elephants (Lair:6)
  3 guardian serpents (Snake:4)
  9 naga magi
  A merfolk siren (Lair:3)
  12 spiny frogs
  A gargoyle (D:12)
  An ice statue (D:11)
  A torpor snail (Lair:3)
  A freezing wraith (D:13)
  A komodo dragon (Lair:3)
  5 rime drakes
  7 trolls
  9 polar bears
  4 tengu conjurers (D:15)
  3 meliai (D:14)
  4 hornets
  A queen bee (Lair:2)
  A wolf spider simulacrum (D:15)
  25 blink frogs
  9 hippogriffs
  9 slime creatures
  10 dream sheep
  A water elemental (D:15)
  A shadow (D:15)
  9 spriggans (Lair:6)
  5 wyverns
  4 wraiths (D:13)
  18 yaks
  2 basilisks
  A steam dragon (D:10)
  3 hungry ghosts
  2 vampire mosquitoes (D:14)
  5 wargs
  20 nagas
  15 water moccasins
  8 porcupines
  A floating eye (shapeshifter) (D:13)
  A meliai simulacrum (D:15)
  44 orc warriors
  A swamp drake (shapeshifter) (D:13)
  8 ice beasts
  6 black bears
  An eye of draining (shapeshifter) (D:10)
  5 sky beasts
  8 ogres
  5 phantoms
  3 boggarts (Lair:6)
  17 centaurs
  42 wolves
  11 crocodiles
  6 big kobolds
  A gnoll sergeant (D:7)
  16 bullfrogs
  A wyvern skeleton (D:9)
  A scorpion (D:10)
  23 killer bees (Lair:2)
  8 wights
  2 electric eels (Lair:5)
  3 vampire bats (Orc:1)
  2 howler monkeys
  5 centaur zombies
  9 crimson imps
  3 jellies
  3 quasits
  6 hounds
  Crazy Yiuf (D:7)
  2 bullfrog skeletons (D:13)
  2 bullfrog zombies
  19 orc priests
  21 orc wizards
  5 centaur skeletons
  11 worker ants
  An iguana (D:4)
  7 hell rats
  A bullfrog simulacrum (D:8)
  6 centaur simulacra
  A killer bee simulacrum (D:8)
  Robin (D:4)
  3 howler monkey skeletons
  19 adders
  8 gnolls
  7 river rats (Lair:6)
  A shadow imp (D:12)
  7 white imps
  2 ufetubi (D:15)
  2 oozes
  An adder zombie (D:7)
  2 worms
  2 dart slugs
  An adder simulacrum (D:8)
  10 leopard geckos
  102 orcs
  8 giant cockroaches
  2 gnoll zombies (D:8)
  24 goblins
  12 hobgoblins
  9 jackals
  6 quokkas
  14 bats
  3 frilled lizards
  50 kobolds
  A leopard gecko zombie (D:6)
  12 rats
971 creatures vanquished.

Vanquished Creatures (collateral kills)
  A nagaraja (Snake:2)
  Snorg (Lair:6)
  2 hydras
  A death yak (Lair:1)
  2 orc knights
  An orc sorcerer (D:12)
  A merfolk siren (Lair:3)
  An elephant (Lair:6)
  A spiny frog (Lair:3)
  2 merfolk (Lair:3)
  4 blink frogs
  4 dream sheep
  A hippogriff (Lair:6)
  3 spriggans
  6 basilisks
  A naga (Snake:2)
  A black bear (Lair:6)
  9 wolves
  5 orcs (Orc:2)
  A goblin (Bailey)
  3 kobolds (Bailey)
  A fungus (Orc:2)
  A plant (Lair:6)
53 creatures vanquished.

Vanquished Creatures (others)
  A naga sharpshooter (Snake:1)
  A tengu conjurer (D:15)
  An ice beast (D:14)
  2 kobolds
  16 fungi
  15 plants
  10 spectral weapons
  8 withered plants
54 creatures vanquished.

Grand Total: 1078 creatures vanquished

Notes
Turn   | Place    | Note
-------+----------+-------------------------------------------
     0 | D:1      | tilp the Merfolk Ice Elementalist began the quest for the Orb.
     0 | D:1      | Reached XP level 1. HP: 13/13 MP: 3/3
   144 | D:1      | Reached XP level 2. HP: 11/19 MP: 5/5
   635 | D:1      | Reached XP level 3. HP: 24/24 MP: 6/6
   639 | D:1      | Learned a level 2 spell: Throw Frost
   643 | D:1      | Learned a level 3 spell: Ozocubu's Armour
   988 | D:2      | Found a faded altar of an unknown god.
  1180 | D:2      | Reached skill level 5 in Ice Magic
  1362 | D:2      | Reached XP level 4. HP: 27/30 MP: 5/7
  2175 | D:3      | Reached XP level 5. HP: 29/35 MP: 5/8
  2283 | D:3      | Reached skill level 1 in Polearms
  2602 | D:3      | Reached skill level 2 in Polearms
  2834 | D:3      | Reached skill level 1 in Fighting
  3045 | D:4      | Noticed a phantom
  3109 | D:4      | Found a glowing drain.
  3126 | Sewer    | Entered a sewer
  3187 | Sewer    | Noticed a crocodile
  3230 | Sewer    | Killed a crocodile
  3230 | Sewer    | Reached skill level 3 in Polearms
  3230 | Sewer    | Reached XP level 6. HP: 14/44 MP: 0/9
  3499 | D:3      | Killed a phantom
  3499 | D:3      | Reached skill level 4 in Polearms
  3623 | D:4      | Found a staircase to the Ecumenical Temple.
  3637 | D:4      | Noticed a phantom
  3655 | Temple   | Entered the Ecumenical Temple
  3817 | D:4      | Reached skill level 5 in Polearms
  4008 | D:4      | Reached XP level 7. HP: 51/51 MP: 10/10
  4110 | D:4      | Reached skill level 6 in Polearms
  4364 | D:4      | Reached skill level 5 in Dodging
  4630 | D:4      | Noticed Robin
  4671 | D:4      | Killed Robin
  5252 | D:5      | Entered Level 5 of the Dungeon
  5273 | D:5      | Found a shimmering altar of Xom.
  5445 | D:5      | Found a shimmering altar of Xom.
  5504 | D:5      | Reached skill level 7 in Polearms
  5727 | D:5      | Found Zejod's Antique Weapon Shoppe.
  5745 | D:5      | Reached XP level 8. HP: 51/60 MP: 7/11
  5768 | D:5      | Got a steaming spear
  5804 | D:5      | Identified the cursed +3 spear "tilp's Death" {venom, rElec rPois Int-5} (You found it on level 5 of the Dungeon)
  5916 | D:5      | Found an ornate altar of the Wu Jian Council.
  5985 | D:5      | Reached skill level 8 in Polearms
  6358 | D:6      | Reached skill level 9 in Polearms
  6446 | D:6      | Reached skill level 10 in Polearms
  6665 | D:6      | Found a sacrificial altar of Ru.
  6781 | D:7      | Found a deep blue altar of Sif Muna.
  6887 | D:7      | Reached skill level 11 in Polearms
  6966 | D:7      | Reached XP level 9. HP: 63/65 MP: 10/12
  7175 | D:7      | Reached skill level 12 in Polearms
  7664 | D:7      | Found a runed door.
  7668 | D:7      | Noticed Crazy Yiuf
  7673 | D:7      | Killed Crazy Yiuf
  7762 | D:7      | Reached skill level 1 in Conjurations
  7893 | D:8      | Reached skill level 1 in Charms
  8053 | D:8      | Found a radiant altar of Vehumet.
  8074 | D:8      | Found a burning altar of Makhleb.
  8082 | D:8      | Became a worshipper of Makhleb the Destroyer
  8087 | D:8      | Found a shattered altar of Ashenzari.
  8126 | D:8      | Noticed a death yak
  8144 | D:8      | Noticed a death yak
  8256 | D:8      | Found a basalt altar of Yredelemnul.
  8278 | D:8      | Found a roughly hewn altar of Beogh.
  8281 | D:8      | Noticed a polar bear
  8312 | D:8      | Killed a polar bear
  8519 | D:8      | Reached * piety under Makhleb
  8813 | D:8      | Noticed a death yak
  8951 | D:9      | Found a sacrificial altar of Ru.
  8977 | D:9      | Reached skill level 5 in Spellcasting
  8991 | D:9      | Reached XP level 10. HP: 52/71 MP: 14/18
  8997 | D:9      | Learned a level 4 spell: Throw Icicle
  9487 | D:9      | Found a stormy altar of Qazlal.
  9798 | D:9      | Reached skill level 5 in Fighting
  9968 | D:9      | Noticed Erolcha
 10128 | D:9      | Found a hazy altar of Hepliaklqana.
 10142 | D:9      | Reached ** piety under Makhleb
 10403 | D:9      | Found a glowing silver altar of Zin.
 10855 | D:10     | Entered Level 10 of the Dungeon
 11098 | D:10     | Learned a level 3 spell: Regeneration
 11646 | D:10     | Reached XP level 11. HP: 81/81 MP: 11/20
 11699 | D:10     | Reached *** piety under Makhleb
 11765 | D:10     | Found a runed gate.
 11765 | D:10     | Found a runed gate.
 11766 | D:10     | Found a runed gate.
 11766 | D:10     | Noticed iamserjio's ghost (journeyman TeAE)
 11768 | D:10     | Noticed an 11-headed hydra
 11768 | D:10     | Noticed an 11-headed hydra
 11842 | D:11     | Noticed a two-headed ogre
 11952 | D:11     | Noticed a two-headed ogre
 12286 | D:11     | Found a runed door.
 12286 | D:11     | Noticed iamserjio's ghost (journeyman MiFi)
 12366 | D:11     | Noticed a seven-headed hydra
 12587 | D:8      | Found a staircase to the Lair.
 12587 | D:8      | Noticed a death yak
 12587 | D:8      | Noticed a death yak
 12899 | D:8      | HP: 1/121 [death yak (10)]
 12903 | D:8      | Killed a death yak
 12903 | D:8      | Reached skill level 10 in Ice Magic
 12903 | D:8      | Reached skill level 1 in Invocations
 13247 | D:7      | Killed a death yak
 13413 | Lair:1   | Entered Level 1 of the Lair of Beasts
 13600 | Lair:1   | Upgraded the game from 0.23-a0-61-g4bf3f6c to 0.23-a0-78-gc252fe1
 13707 | Lair:1   | Noticed an eight-headed hydra
 14101 | Lair:1   | Reached skill level 1 in Necromancy
 14101 | Lair:1   | Reached skill level 1 in Evocations
 14366 | Lair:1   | Killed an eight-headed hydra
 14556 | Lair:1   | Noticed a six-headed hydra
 14569 | Lair:1   | Killed a six-headed hydra
 15150 | Lair:2   | Reached skill level 10 in Dodging
 15216 | Lair:2   | Reached XP level 12. HP: 40/91 MP: 16/21
 16052 | Lair:2   | Got an iridescent spear
 16770 | Lair:3   | Found a labyrinth entrance.
 16790 | Lair:3   | Reached skill level 5 in Evocations
 16807 | Lab      | Entered a labyrinth
 16874 | Lab      | Found an exit through the horrors of the Abyss.
 17049 | Lab      | Noticed a minotaur
 17076 | Lab      | Killed a minotaur
 17109 | Lab      | Identified the Collected Works on Good Luck
 17118 | Lab      | Got a smoking longbow
 17120 | Lab      | Identified Sif Muna's Volume of Stones
 17223 | Lair:3   | Found a staircase to the Shoals.
 17590 | Lair:3   | Found a staircase to the Snake Pit.
 17604 | Lair:3   | Noticed Nergalle
 18113 | Lair:3   | Identified the +6 spear of the Heavens {holy, Str+2} (You found it on level 2 of the Lair of Beasts)
 18425 | Lair:3   | Noticed Gastronok
 18510 | Lair:3   | Reached skill level 13 in Polearms
 19085 | Lair:4   | Noticed a five-headed hydra
 19111 | Lair:4   | Killed a five-headed hydra
 19111 | Lair:4   | Reached XP level 13. HP: 45/100 MP: 13/23
 19511 | Lair:4   | Reached skill level 14 in Polearms
 19927 | Lair:4   | Found a shattered altar of Ashenzari.
 21506 | Lair:6   | Entered Level 6 of the Lair of Beasts
 21616 | Lair:5   | Reached skill level 15 in Polearms
 21850 | Lair:5   | Reached **** piety under Makhleb
 22002 | Lair:6   | Noticed Snorg
 22044 | Lair:6   | Killed Snorg
 22299 | Lair:6   | Reached skill level 10 in Fighting
 22702 | Lair:6   | Reached skill level 16 in Polearms
 22707 | Lair:6   | Found a staircase to the Slime Pits.
 23250 | Lair:6   | Reached XP level 14. HP: 99/110 MP: 26/26
 23402 | Lair:6   | Reached skill level 17 in Polearms
 23858 | Lair:6   | Reached ***** piety under Makhleb
 24699 | D:9      | Found a bloodstained altar of Trog.
 24699 | D:9      | Found a shadowy altar of Dithmenos.
 24769 | D:10     | Reached skill level 18 in Polearms
 25214 | D:11     | Found Xaroppu's Book Boutique.
 25426 | D:12     | Found a flagged portal.
 25504 | Bailey   | Entered a bailey
 26013 | D:12     | Found a shimmering altar of Xom.
 26424 | D:12     | Reached skill level 19 in Polearms
 26576 | D:12     | Reached skill level 1 in Throwing
 26621 | D:12     | Found a staircase to the Orcish Mines.
 27242 | Orc:1    | Entered Level 1 of the Orcish Mines
 27250 | Orc:1    | Paralysed by an orc sorcerer for 6 turns
 27399 | Orc:1    | Found Wiaferib's Armour Shop.
 27686 | Orc:1    | Noticed Sonja
 27696 | Orc:1    | Killed Sonja
 28142 | Orc:2    | Entered Level 2 of the Orcish Mines
 28151 | Orc:2    | Paralysed by an orc sorcerer for 4 turns
 28427 | Orc:2    | Found Pozuts's Jewellery Shop.
 28436 | Orc:2    | Bought the ring of Tothaess {rF+ MR+ Dex+2} for 501 gold pieces
 28502 | Orc:2    | Noticed an orc warlord
 28560 | Orc:1    | Reached ****** piety under Makhleb
 28626 | Orc:2    | Found Texiwnit's General Store.
 28702 | Orc:1    | Reached skill level 20 in Polearms
 28915 | Orc:2    | Killed an orc warlord
 29207 | Orc:2    | Found Bomulot's General Store.
 29213 | Orc:2    | Bought a scroll of identify for 30 gold pieces
 29214 | Orc:2    | Found Rili's Antique Weapon Boutique.
 29265 | Orc:2    | Reached XP level 15. HP: 94/115 MP: 23/27
 29476 | Orc:2    | Found Wilatej's Antique Armour Shop.
 29511 | Orc:2    | Found a staircase to the Elven Halls.
 29675 | Orc:2    | Bought a glowing cloak for 210 gold pieces
 29675 | Orc:2    | Bought a pair of runed gloves for 210 gold pieces
 29743 | Orc:2    | Bought a potion of curing for 36 gold pieces
 29743 | Orc:2    | Bought a scroll of vulnerability for 90 gold pieces
 29743 | Orc:2    | Bought a potion of curing for 36 gold pieces
 29743 | Orc:2    | Bought a scroll of enchant weapon for 90 gold pieces
 29768 | Orc:2    | Bought a scroll of fog for 30 gold pieces
 29874 | D:11     | Bought a book of Minor Magic for 340 gold pieces
 29877 | D:11     | Learned a level 2 spell: Blink
 29880 | D:11     | Learned a level 2 spell: Slow
 29884 | D:11     | Learned a level 3 spell: Conjure Flame
 30098 | D:11     | Killed iamserjio's ghost
 30098 | D:11     | Reached skill level 5 in Charms
 30653 | D:13     | Found a gate to the Vaults.
 30818 | D:13     | Noticed Josephine
 30824 | D:13     | Killed Josephine
 31012 | D:13     | Got a fine golden ring
 31769 | D:14     | Found a runed gate.
 31774 | D:14     | Found a runed gate.
 31774 | D:14     | Found a runed gate.
 31775 | D:14     | Noticed Touwod's ghost (journeyman HOFi)
 31777 | D:14     | Noticed Kyuhon's ghost (journeyman TrMo)
 32542 | D:14     | Identified the cursed ring "Qeluejoc" {AC-2 Int+2} (You found it on level 13 of the Dungeon)
 32677 | D:15     | Entered Level 15 of the Dungeon
 32893 | D:15     | Learned a level 3 spell: Spectral Weapon
 33318 | D:15     | Found a staircase to the Depths.
 33903 | D:11     | Bought the Reference Book on Cold for 1252 gold pieces
 33910 | D:11     | Learned a level 6 spell: Bolt of Cold
 34073 | Snake:1  | Entered Level 1 of the Snake Pit
 34163 | Snake:1  | Reached skill level 15 in Dodging
 34187 | Snake:1  | Reached XP level 16. HP: 118/127 MP: 23/28
 34267 | Snake:1  | Found a stormy altar of Qazlal.
 35253 | Orc:2    | Bought a pair of boots for 126 gold pieces
 35538 | Snake:2  | Noticed a nagaraja
 36035 | Snake:2  | Noticed a nagaraja
 36205 | Snake:2  | Killed a nagaraja
 37036 | Snake:2  | Noticed a nagaraja
 37054 | Snake:2  | Killed a nagaraja
 37125 | Snake:2  | Killed a nagaraja
 37265 | Snake:3  | Found a stormy altar of Qazlal.
 37873 | Snake:3  | Reached skill level 15 in Ice Magic
 38107 | Snake:3  | Noticed a nagaraja
 38122 | Snake:3  | Killed a nagaraja
 38477 | Snake:3  | Reached skill level 5 in Conjurations
 38601 | Snake:4  | Entered Level 4 of the Snake Pit
 38788 | Snake:4  | Noticed a nagaraja
 38809 | Snake:4  | Reached XP level 17. HP: 93/133 MP: 25/29
 39629 | Snake:4  | Noticed Roxanne
 39704 | Snake:4  | Noticed Vashnia
 39745 | Snake:4  | Shot with an arrow by a naga sharpshooter

Vault maps used:
D:1:      dpeg_arrival_shelter
D:2:      chequers_ecumenical_altar_simple
D:4:      temple_hall, gup_sewer_entry_bubbles, fountainhead, uniq_robin
D:5:      xom_butterflies, lemuel_crystal_altar, basic_altar, first_ration,
          serial_shops, shop
D:6:      basic_altar, kennysheep_small_circle
D:7:      tgw_sif, uniq_crazy_yiuf_cottage
D:8:      nicolae_overflow_crystal_walls, kennysheep_mini,
          cheibrodos_ashenzari_chains, lemuel_zombie_altar_yredelemnul,
          dpeg_lair_monsters, special_room, serial_ice, serial_ice_b,
          serial_ice_h, serial_ice_l, serial_ice_c
D:9:      nicolae_ru_sacrificial_ziggurat, marbit_many_paths, zin_academy,
          lemuel_round_altar, nicolae_overflow_hidden_temple,
          blue_anna_alchemist, uniq_erolcha
D:10:     gammafunk_ghost_hydra_chop
D:11:     minmay_separated_statues, gammafunk_ghost_grave, serial_shops,
          shop_fountains
D:12:     david_orc_4, enter_bailey_3, xom_teletrap_fun
D:13:     david_vaults_4, portal_ice_cave_entry_animals_and_master,
          uniq_josephine
D:14:     gammafunk_ghost_cemetery, serial_curves, eino_curves_04,
          eino_curves_03, lemuel_another_geyser
D:15:     grunt_enter_depths_hoard, serial_ice, serial_ice_g, serial_ice_m,
          serial_ice_b, serial_ice_i, serial_ice_o, serial_ice_a, serial_ice_h,
          serial_ice_n
Temple:   nicolae_temple_figure_zero
Lair:1:   infiniplex_staircase_pool
Lair:2:   special_room, grunt_megastairs_2
Lair:3:   elwin_shoals_entry_stream, minmay_snake_entry_guardpost_small,
          lab_entry_generic, grunt_megastairs_1, uniq_nergalle, uniq_gastronok
Lair:4:   lemuel_centaur_altar, minmay_lair_oklob_chamber, lemuel_fruit_fields
Lair:5:   grunt_forest_stairs_clearing, serial_bayou_shore_a, grunt_megastairs_3
Lair:6:   minmay_lair_end_enchanted_forest, slime_dummy, kennysheep_rathole,
          lemuel_fruit_tree, infiniplex_staircase_pool_2, uniq_snorg
Snake:1:  basic_altar
Snake:2:  nicolae_snake_round_shape_thing
Snake:3:  minmay_snake_river, lemuel_oklob_altar
Snake:4:  grunt_snake_rune_serpentine_throne, serial_bayou_pond_d, spider_trap,
          statue_in_the_mist_lemuel, uniq_vashnia, uniq_roxanne
Orc:1:    serial_shops, nicolae_shop_stone, roderic_batcave, uniq_sonja
Orc:2:    grunt_orc_gardens, grunt_orc_garden, grunt_orc_garden,
          grunt_orc_garden, grunt_orc_garden, serial_shops, shop_coins
Lab:      nicolae_lab_dead_adventurers, nicolae_lab_x, nicolae_lab_quarters,
          nicolae_lab_big_swirl, labyrinth_fake_exit, nicolae_lab_garden,
          nicolae_lab_grate
Sewer:    sewer_the_crocodile
Bailey:   bailey_axe_4, bailey

Skill      XL: |  1  2  3  4  5  6  7  8  9 10 11 12 13 14 15 16 17 |
---------------+----------------------------------------------------+-----
Ice Magic      | 4 5 6 9 10 12 15 16 | 16.0
Polearms       | 3 5 7 11 12 13 16 20 | 20.0
Dodging        | 3 4 5 6 8 10 11 13 15 | 15.0
Fighting       | 1 2 3 4 6 7 8 10 12 | 12.0
Conjurations   | 2 5 6 |  6.0
Charms         | 4 6 |  6.0
Spellcasting   | 5 6 8 |  8.0
Invocations    | 4 |  4.4
Necromancy     | 2 |  2.0
Evocations     | 3 6 |  6.3
Throwing       | 4 |  4.0
Stealth        | |  2.1

Action                   |  1- 3 |  4- 6 |  7- 9 | 10-12 | 13-15 | 16-18 || total
-------------------------+-------+-------+-------+-------+-------+-------++-------
Melee: Unarmed           |     6 |       |       |       |       |       ||     6
       Dagger            |    19 |    18 |       |       |       |       ||    37
       Spear             |       |   155 |   551 |  1283 |  1093 |       ||  3082
       Tailslap          |       |       |     3 |       |     1 |       ||     4
       Glaive            |       |       |       |       |  1649 |   603 ||  2252
Throw: Stone             |       |     2 |     2 |       |       |       ||     4
       Tomahawk          |       |     1 |     5 |     5 |    11 |     3 ||    25
       Throwing net      |       |       |       |       |     1 |       ||     1
 Cast: Freeze            |    41 |    35 |    38 |    57 |    25 |       ||   196
       Ozocubu's Armour  |     1 |     4 |    21 |    59 |   115 |    50 ||   250
       Throw Frost       |     1 |     6 |     1 |    25 |    39 |     9 ||    81
       Regeneration      |       |       |       |     8 |    15 |     7 ||    30
       Throw Icicle      |       |       |       |       |     8 |       ||     8
       Spectral Weapon   |       |       |       |       |     3 |    41 ||    44
       Conjure Flame     |       |       |       |       |     2 |       ||     2
       Blink             |       |       |       |       |       |     1 ||     1
Invok: Lesser Servant of |       |       |       |    20 |    28 |     3 ||    51
       Minor Destruction |       |       |       |     1 |       |       ||     1
Evoke: Wand              |       |       |       |    11 |       |       ||    11
  Use: Scroll            |       |     5 |     6 |    14 |    18 |     2 ||    45
       Potion            |       |       |     3 |     7 |     1 |     2 ||    13
 Stab: Sleeping          |     5 |     5 |     4 |     6 |    10 |     2 ||    32
       Confused          |       |       |       |     6 |       |       ||     6
       Distracted        |       |       |       |     4 |    16 |     8 ||    28
  Eat: Chunk             |     2 |     8 |    20 |    34 |    47 |     9 ||   120
       Ration            |       |     1 |       |     1 |     3 |     2 ||     7
Armor: Robe              |    10 |    18 |    45 |    85 |     6 |       ||   164
       Skin              |       |       |    17 |     4 |       |       ||    21
       Leather armour    |       |       |       |    10 |   365 |   111 ||   486
Dodge: Dodged            |    30 |   132 |   306 |   739 |  2172 |   560 ||  3939
Block: Other             |       |       |       |       |   215 |    77 ||   292
       Reflection        |       |       |       |       |    22 |     7 ||    29

Table legend:
 A = Non-vault XP
 B = Vault XP
 C = Vault XP percentage of total XP
 D = Non-vault monster count
 E = Vault monster count
 F = Vault count percentage of total count
 G = Total turns spent on level
                 A         B        C        D         E       F
            +---------+---------+-------+---------+---------+-------
      Total |  129211 |   64132 |  33.2 |     676 |     348 |  34.0
            +---------+---------+-------+---------+---------+-------
        D:1 |      44 |       0 |   0.0 |      26 |       0 |   0.0
        D:2 |     112 |       0 |   0.0 |      21 |       0 |   0.0
        D:3 |     217 |       0 |   0.0 |      25 |       0 |   0.0
        D:4 |     452 |      54 |  10.7 |      15 |      21 |  58.3
        D:5 |     433 |       0 |   0.0 |      20 |       0 |   0.0
        D:6 |     542 |      90 |  14.2 |      11 |       1 |   8.3
        D:7 |     582 |     940 |  61.8 |      19 |       3 |  13.6
        D:8 |     414 |    2094 |  83.5 |       9 |      40 |  81.6
        D:9 |    3177 |     412 |  11.5 |      38 |       2 |   5.0
       D:10 |    3026 |       0 |   0.0 |      35 |       0 |   0.0
       D:11 |    2924 |    2078 |  41.5 |      38 |       5 |  11.6
       D:12 |    6783 |     838 |  11.0 |      48 |      18 |  27.3
       D:13 |   11759 |    6444 |  35.4 |      33 |      17 |  34.0
       D:14 |    4970 |       0 |   0.0 |      15 |       0 |   0.0
       D:15 |    6022 |    5346 |  47.0 |      22 |      22 |  50.0
     Lair:1 |    4478 |     662 |  12.9 |      21 |       1 |   4.5
     Lair:2 |    2648 |    2327 |  46.8 |      16 |      31 |  66.0
     Lair:3 |    3560 |    1777 |  33.3 |      19 |       7 |  26.9
     Lair:4 |    5429 |     616 |  10.2 |      23 |       5 |  17.9
     Lair:5 |    5929 |    2537 |  30.0 |      25 |      13 |  34.2
     Lair:6 |    8137 |    8419 |  50.9 |      33 |      56 |  62.9
    Snake:1 |   11227 |       0 |   0.0 |      22 |       0 |   0.0
    Snake:2 |   20750 |       0 |   0.0 |      34 |       0 |   0.0
    Snake:3 |   14686 |    6816 |  31.7 |      26 |      16 |  38.1
    Snake:4 |    5119 |    9762 |  65.6 |       8 |      15 |  65.2
      Orc:1 |    3577 |    2725 |  43.2 |      37 |      13 |  26.0
      Orc:2 |    2214 |    6733 |  75.3 |      37 |      24 |  39.3
        Lab |       0 |    1671 | 100.0 |       0 |       5 | 100.0
      Sewer |       0 |     119 | 100.0 |       0 |       6 | 100.0
     Bailey |       0 |    1672 | 100.0 |       0 |      27 | 100.0
            +---------+---------+-------+---------+---------+-------
